cohdb
Replays
Latest Replays
All Replays
Popular Replays
Top Player Replays
Match Explorer
How It Works
Community
CoH3 Stats
Reddit
Sign in to upload your games and track your stats! →
Sign in with Steam
Match 41435038
Unlisted
Match 41435038
Overview
Messages
Build Orders
End
Kradschützen Motorcycle Team
Panzergrenadier Squad
Selects Italian Infantry
Panzergrenadier Squad
Construct Light Support Kompanie
MG34 Team
Selects Defensive Operations
2.5-tonne Medical Truck
MG34 Team
Construct Mechanized Kompanie
Panzerpioneer Squad
Support Armor Elements
Veteran Squad Leaders
Selects Prepared Positions
StuG III D Assault Gun
Assault Mechanized Group
Emergency Repair Kits
Pak 38 Anti-tank Gun Team
Marder III Tank Destroyer
Assault Mechanized Group
Selects Obice 305mm Barrage
Selects Guastatori Squad
Selects Registered Artillery
Construct Panzerarmee Kommand
Rapid Advance
Registered Artillery
Armored Reserves
Tiger Heavy Tank
Registered Artillery
Advanced Optics
Walking Stuka Rocket Launcher
Registered Artillery
Fortune
a_rotator
0
0
Comments
sign in to comment!
No comments posted yet!